 Dungeon Crawl Stone Soup version 0.26-a0-30-g56b8cd3df0 (webtiles) character file.

Game seed: 1785620935156678987, levelgen mode: deterministic

858 senseless the Slasher (level 7, -2/54 HPs)
             Began as a Demonspawn Fighter on June 1, 2020.
             Was an Initiate of Qazlal.
             Killed from afar by an orc wizard (5 damage)
             ... with a magic dart
             ... on level 5 of the Dungeon.
             The game lasted 00:11:57 (4212 turns).

senseless the Slasher (Demonspawn Fighter)          Turns: 4212, Time: 00:11:57

Health: -2/54      AC:  7    Str: 17    XL:     7   Next: 71%
Magic:  7/7        EV:  8    Int:  9    God:    Qazlal [......]
Gold:   233        SH:  0    Dex: 16    Spells: 6/6 levels left

rFire    + . .     SeeInvis .   x - +0 long sword
rCold    x . .     Gourm    .   c - +0 kite shield
rNeg     . . .     Faith    .   b - +0 scale mail
rPois    .         Spirit   .   (no helmet)
rElec    .         Reflect  .   (no cloak)
rCorr    .         Harm     .   (no gloves)
MR       .....                  (no boots)
Stlth    +.........             e - amulet of regeneration
HPRegen  0.58/turn              s - ring of fire
MPRegen  0.10/turn              (no ring)

@: confused, mighty
A: thin skeletal structure 1, nightstalker 1, spiny 1
a: Renounce Religion


You were on level 5 of the Dungeon.
You worshipped Qazlal.
Qazlal was noncommittal.
You were very hungry.

You visited 2 branches of the dungeon, and saw 6 of its levels.

You collected 233 gold pieces.

Inventory:

Hand Weapons
 a - a +0 long sword
 x - a +0 long sword (weapon)
Armour
 b - a +0 scale mail (worn)
 c - a +0 kite shield (worn)
Jewellery
 e - an amulet of regeneration (around neck)
 s - a ring of fire (left hand)
 v - an uncursed amulet of regeneration
Scrolls
 h - 3 scrolls of teleportation
 i - 2 scrolls of remove curse
 l - 4 scrolls of identify
 p - 2 scrolls of blinking
 r - a scroll of enchant armour {unknown}
 u - a scroll of magic mapping {unknown}
 w - a scroll of enchant weapon {unknown}
 y - a scroll of amnesia {unknown}
Potions
 d - a potion of might
 g - a potion of degeneration {unknown}
 j - a potion of magic {unknown}
 k - 2 potions of lignification
 n - a potion of flight {unknown}
 o - a potion of invisibility {unknown}
 q - a potion of stabbing {unknown}
 t - 4 potions of haste {unknown}
Comestibles
 f - 5 rations


   Skills:
 + Level 4.2 Fighting
 + Level 5.4 Long Blades
 + Level 4.3 Armour
 + Level 1.4 Dodging
 + Level 0.2 Stealth
 + Level 4.3 Shields
   Level 0.7 Evocations


You had 6 spell levels left.
You didn't know any spells.
Your spell library was empty.

Dungeon Overview and Level Annotations

Branches:
Dungeon (5/15)             Temple (1/1) D:4

Altars:
Ashenzari
Fedhas
Kikubaaqudgha
Makhleb
Okawaru
Qazlal
Trog
Vehumet
Zin


Innate Abilities, Weirdness & Mutations

You have a somewhat thin skeletal structure. (Dex +2, Stealth)
You are slightly more attuned to the shadows.
You are partially covered in sharp spines.


Message History

* * * LOW HITPOINT WARNING * * *
Items here: ) [[[ †† You're too confused to move!
The orc wizard is struck by your spines.
The orc wizard hits you with a +0 dagger.
* * * LOW HITPOINT WARNING * * *
The orc wizard hits you but does no damage.
Okay, then.
You bump into the rock wall.
The orc wizard is struck by your spines.
The orc wizard closely misses you. The orc barely misses you.
The orc wizard hits you but does no damage.
The orc wizard is struck by your spines.
You kill the orc wizard!
Qazlal accepts your kill.
You barely miss the orc wizard.
The orc wizard is heavily wounded.
The orc wizard points at you and mumbles some strange words.
The magic dart hits you.
You die...

.......# #... .......# #.##
..§......# ########'##
.........# #..........
.o.......# #####..........
...oo...# ####..............
#... #.# #..............<..
###...##.# #.##..............
..$......###@##..............
...........o)o............>..
############.#...............
#.#.##............
#.#.##..).........
#.#.##..##.######'
#.#.##..##.# #.
.....#..##.######.
#..#..##.#......


You could see an orc wizard (fast) and an orc.

Vanquished Creatures
  Grinder (D:4)
  An ogre (D:4)
  A scorpion (D:4)
  A centaur skeleton (D:4)
  A jelly (D:5)
  2 orc wizards (D:5)
  4 orc priests
  2 iguanas (D:4)
  A worker ant (D:4)
  A hound skeleton (D:4)
  5 gnolls
  4 adders
  3 oozes
  3 leopard geckos
  30 orcs
  3 bats
  4 giant cockroaches
  8 goblins
  6 hobgoblins
  6 jackals
  7 kobolds
  2 quokkas
  4 frilled lizards
  A leopard gecko skeleton (D:4)
  8 rats
109 creatures vanquished.

Notes
Turn   | Place    | Note
-------+----------+-------------------------------------------
     0 | D:1      | senseless the Demonspawn Fighter began the quest for the
                  | Orb.
     0 | D:1      | Reached XP level 1. HP: 18/18 MP: 1/1
   738 | D:1      | Gained mutation: You are slightly more attuned to the
                  | shadows. [demonic ancestry]
   738 | D:1      | Reached XP level 2. HP: 1/24 MP: 2/2
   738 | D:1      | HP: 1/24 [poisoned by an adder]
   743 | D:1      | HP: 1/24 [poisoned by an adder]
   861 | D:2      | Reached skill level 2 in Long Blades
   927 | D:2      | Reached XP level 3. HP: 24/29 MP: 3/3
  1705 | D:3      | Gained mutation: You have a somewhat thin skeletal
                  | structure. (Dex +2, Stealth) [demonic ancestry]
  1705 | D:3      | Reached XP level 4. HP: 35/35 MP: 4/4
  2159 | D:3      | You fall into a shaft and drop 2 floors!
  2159 | D:5      | Entered Level 5 of the Dungeon
  2160 | D:5      | Reached skill level 3 in Long Blades
  2160 | D:5      | Reached XP level 5. HP: 41/41 MP: 5/5
  2187 | D:4      | Noticed Grinder
  2197 | D:4      | Killed Grinder
  2197 | D:4      | Reached skill level 1 in Dodging
  2197 | D:4      | Reached XP level 6. HP: 48/48 MP: 6/6
  2703 | D:3      | Reached skill level 4 in Long Blades
  3158 | D:4      | Gained mutation: You are partially covered in sharp spines.
                  | [demonic ancestry]
  3158 | D:4      | Reached XP level 7. HP: 54/54 MP: 7/7
  3475 | D:4      | Reached skill level 5 in Long Blades
  3527 | D:4      | Found a staircase to the Ecumenical Temple.
  4040 | Temple   | Entered the Ecumenical Temple
  4052 | Temple   | Became a worshipper of Qazlal Stormbringer
  4209 | D:5      | HP: 2/54 [orc/+0 trident (6)]
  4212 | D:5      | Killed from afar by an orc wizard

Illustrated notes

Levels and vault maps discovered:
D:1:      lightli_arrival_flooded_house, layout_loops_ring
D:2:      layout_basic, nrook_mini_backslash
D:3:      layout_basic
D:4:      minmay_recursive_quarters, layout_basic, minmay_vboxes, uniq_grinder
D:5:      layout_basic, first_ration
Temple:   nicolae_temple_the_god_donut

Skill      XL: |  1  2  3  4  5  6  7 |
---------------+----------------------+-----
Armour         | 3 4 |  4.3
Shields        | 3 4 |  4.3
Long Blades    | 2 3 4 5 |  5.4
Dodging        | 1 |  1.4
Fighting       | 4 |  4.2
Stealth        | |  0.2
Evocations     | |  0.7

Action                   |  1- 3 |  4- 6 |  7- 9 || total
-------------------------+-------+-------+-------++-------
Melee: Long sword        |   134 |   161 |    71 ||   366
Evoke: Wand              |       |     9 |       ||     9
  Use: Scroll            |     5 |     1 |       ||     6
       Potion            |     2 |     1 |     1 ||     4
  Eat: Chunk             |     3 |     5 |     2 ||    10
Armor: Scale mail        |    59 |    50 |    18 ||   127
Dodge: Dodged            |    39 |    51 |    20 ||   110
Block: Kite shield       |    72 |    85 |    25 ||   182
       Rpst.: Long sword |    16 |    16 |     4 ||    36

Table legend:
 A = Non-vault XP
 B = Vault XP
 C = Vault XP percentage of total XP
 D = Non-vault monster count
 E = Vault monster count
 F = Vault count percentage of total count
                 A         B        C        D         E       F
            +---------+---------+-------+---------+---------+-------
      Total |     777 |     449 |  36.6 |     102 |       7 |   6.4
            +---------+---------+-------+---------+---------+-------
        D:1 |      24 |       0 |   0.0 |       7 |       0 |   0.0
        D:2 |      68 |       0 |   0.0 |      23 |       0 |   0.0
        D:3 |     162 |       0 |   0.0 |      32 |       0 |   0.0
        D:4 |     351 |     449 |  56.1 |      32 |       7 |  17.9
        D:5 |     172 |       0 |   0.0 |       8 |       0 |   0.0
            +---------+---------+-------+---------+---------+-------
